 Dungeon Crawl Stone Soup version 0.30.0-15-g856e2d3f33 (console) character file.

Game seed: 1880313802767040115

139458 jejorda2 the Phalangite (level 17, -4/146 HPs)
             Began as a Merfolk Berserker on May 18, 2023.
             Was the Champion of Trog.
             Slain by a spriggan rider
             ... wielding a +0 spear of venom
              (18 damage)
             ... on level 2 of the Swamp.
             The game lasted 01:23:25 (32353 turns).

jejorda2 the Phalangite (Merfolk Berserker)        Turns: 32353, Time: 01:23:26

Health: -4/146     AC: 11    Str: 24    XL:     17   Next: 28%
Magic:  17/17      EV:  9    Int: 10    God:    Trog [******]
Gold:   1240       SH: 12    Dex: 13    Spells: 16/16 levels left

rFire   + . .        a - +9 demon trident (heavy)
rCold   + . .        e - +2 kite shield
rNeg    + . .        k - +0 plate armour {Will+}
rPois   +            m - +0 helmet
rElec   .            R - scarf of Fedhas's Supremacy {repulsion, +Blink rPois rF+ Int+2}
rCorr   .            A - +2 pair of gloves
SInv    .            o - +0 pair of boots of Zeunoper {Rampage}
Will    ++...        b - amulet "Mifymmiem" {rPois Regen+ Slay+4} Stlth
                     E - ring of Dogma {Fly rN+}
HPRegen 1.24/turn    h - ring of protection from cold
MPRegen 0.15/turn

%: repel missiles, rampage
@: lethally poisoned (-4 -> -5), corroded, on berserk cooldown, flying, slowed,
quick
A: nimble swimmer 2, mertail
a: Renounce Religion, Evoke Blink, Berserk, Trog's Hand, Brothers in Arms


You were on level 2 of the Swamp.
You worshipped Trog.
Trog was exalted by your worship.
You visited 4 branches of the dungeon, and saw 24 of its levels.
You also visited: Bailey and Ice Cave.

You collected 2297 gold pieces.
You spent 1057 gold pieces at shops.

Inventory:

Hand Weapons
 a - a +9 heavy demon trident (weapon)
Missiles
 l - 56 poisoned darts
 q - 12 curare-tipped darts
 y - 13 boomerangs (quivered)
 G - 5 atropa-tipped darts
 I - 7 javelins
 P - 5 silver javelins
Armour
 e - a +2 kite shield (worn)
 k - a +0 plate armour of willpower (worn)
 m - a +0 helmet (worn)
 o - the +0 pair of boots of Zeunoper (worn) {Rampage}
   (You found it on level 2 of the Dungeon)

   Rampage:   It bestows one free step when moving towards enemies.
 A - a +2 pair of gloves (worn)
 R - the scarf of Fedhas's Supremacy (worn) {repulsion, +Blink rPois rF+ Int+2}
   (You found it on level 3 of the Lair of Beasts)

   Int:       It affects your intelligence (+2).
   rF:        It protects you from fire.
   rPois:     It protects you from poison.
   +Blink:    It lets you blink.
Jewellery
 b - the amulet "Mifymmiem" (around neck) {rPois Regen+ Slay+4}
   (You bought it in a shop on level 2 of the Orcish Mines)

   [amulet of regeneration]

   Slay:      It affects your accuracy & damage with ranged weapons and melee
   (+4).
   rPois:     It protects you from poison.
   Regen:     It increases your rate of health regeneration.
 g - a ring of see invisible
 h - a ring of protection from cold (right hand)
 E - the ring of Dogma (left hand) {Fly rN+}
   (You took it off a centaur on level 14 of the Dungeon)

   [ring of positive energy]

   rN:        It protects you from negative energy.
   Fly:       It grants you flight.
 L - the ring "Kituson" {rElec rC+ rN+ Slay-3 SInv}
   (You found it on level 10 of the Dungeon)

   [ring of see invisible]

   Slay:      It affects your accuracy & damage with ranged weapons and melee
   (-3).
   rC:        It protects you from cold.
   rElec:     It insulates you from electricity.
   rN:        It protects you from negative energy.
   SInv:      It lets you see invisible.
Wands
 j - a wand of digging (11)
 t - a wand of light (17)
 u - a wand of flame (39)
 x - a wand of mindburst (23)
 F - a wand of paralysis (17)
 K - a wand of iceblast (20)
Scrolls
 d - 3 scrolls of magic mapping
 f - 7 scrolls of poison
 p - 9 scrolls of identify
 w - 2 scrolls of teleportation
 H - 3 scrolls of fog
 J - a scroll of enchant weapon
 N - a scroll of silence
 S - a scroll of immolation
 U - 3 scrolls of blinking
 Y - a scroll of fear
Potions
 c - 4 potions of heal wounds
 i - 2 potions of resistance
 n - a potion of cancellation
 r - 4 potions of flight
 B - 6 potions of curing
 C - 4 potions of mutation
 D - 2 potions of haste
 O - a potion of invisibility
 Q - 2 potions of might
Miscellaneous
 s - a condenser vane
 X - a phial of floods


   Skills:
 + Level 16.8 Fighting
 + Level 21.7 Polearms
 - Level 16.0 Throwing
 + Level 7.2 Armour
 - Level 2.6 Dodging
 - Level 8.1 Shields
 - Level 7.0 Evocations


You had 16 spell levels left.
You didn't know any spells.
Your spell library was empty.

Dungeon Overview and Level Annotations

Branches:
Dungeon (15/15)            Temple (0/1) D:7            Lair (5/5) D:10
  Swamp (2/4) Lair:3        Snake (0/4) Lair:2        Slime (0/5) Lair:5
    Orc (2/2) D:11            Elf (0/3) Orc:2        Vaults (0/5) D:13
 Depths (0/4) D:15         Bailey (visited)           IceCv (visited)

Altars:
Fedhas
Gozag
Nemelex Xobeh
Okawaru
Ru
Trog
Uskayaw
Vehumet
Xom

Shops:
Orc:2 ?*=:

Annotations:
D:8 2 transporters, sizableburger's ghost, novice OgBe


Innate Abilities, Weirdness & Mutations

You are very nimble when in or above water. (Stealth+, EV+, Speed+++)
Your lower body shifts to a powerful aquatic tail in water.


Message History

You block the hornet's attack. x2
You perforate the hornet like a sieve!!!
You kill the hornet!
Trog accepts your kill.
You feel very sick. The hornet barely misses you.
You block the spriggan rider's attack.
You barely miss the hornet.
You feel very sick.
The hornet stings you but does no damage.
You impale the hornet!!
The hornet is almost dead.
You feel very sick. You block the spriggan rider's attack.
You block the hornet's attack.
You skewer the hornet like a kebab!!!
You kill the hornet!
Trog accepts your kill.
You feel very sick.
The spriggan rider hits you from afar with a +0 spear of venom!
* * * LOW HITPOINT WARNING * * *
You perforate the hornet like a sieve!!!
You kill the hornet!
Trog accepts your kill.
You feel sick.
Reach: a) +9 demon trident (heavy)
Press: ? - help, Dir - move target, f/p - spriggan rider
Aim: a spriggan rider, wielding a +0 spear of venom and wearing a +0 buckler (about 35% to evade your +9 heavy demon trident)
You reach to attack!
You spit the spriggan rider like a pig!!!
The spriggan rider is heavily wounded.
You feel sick. You block the spriggan rider's attack.
Reach: a) +9 demon trident (heavy)
Press: ? - help, Dir - move target, f/p - spriggan rider
Aim: a spriggan rider, wielding a +0 spear of venom and wearing a +0 buckler (heavily wounded, about 35% to evade your +9 heavy demon trident)
You reach to attack!
You impale the spriggan rider!!
The spriggan rider is almost dead.
You are no longer berserk.
You are exhausted.
You feel yourself slow down.
You feel sick.
The spriggan rider hits you from afar with a +0 spear of venom!!
You die...

~~~♣~~♣~~♣§~♣~~~~~♣
~~§♣~~♣♣~)~~♣♣§♣§~♣
~~~♣~~♣~~♣♣~♣~~♣~~♣
~~~♣~~♣~~♣♣†♣~§♣~~♣
~~~♣~~♣~~♣~♣~~~♣~~♣
♣~.♣~~♣~~♣~♣♣~~♣~~♣
♣♣♣~~♣~♣♣♣ ♣~~♣~~♣
♣§~~†~♣ ♣§~♣~~♣
♣♣♣♣♣~♣ ♣♣~♣@~♣ ♣♣♣
♣♣♣†!..♣ )i~..♣
....~~♣ ..~..~§♣
.~~..♣~♣♣ ..~♣.♣...
♣...♣♣ ♣~♣♣


You could see a spriggan rider.

Vanquished Creatures
  Frances (D:12)
  A tengu reaver (D:14)
  A frost giant (D:14)
  A reaper (IceCv)
  2 eleionomae
  2 bunyips
  2 ettins
  A yaktaur captain (D:14)
  12 hydras
  A shambling mangrove (Swamp:2)
  4 ogre magi (Orc:2)
  9 centaur warriors
  A catoblepas (Lair:5)
  2 boulder beetles (D:14)
  5 death yaks (Lair:4)
  18 two-headed ogres
  6 alligators
  2 tengu warriors
  Urug (D:10)
  A deep elf knight (D:14)
  Amaemon (D:11)
  Sonja (Orc:2)
  3 skysharks
  A death drake (Swamp:2)
  A goliath frog (Swamp:2)
  Nergalle (D:11)
  A deep troll (D:15)
  3 spriggan druids
  2 wizards
  2 swamp dragons
  2 bog bodies
  A phantasmal warrior (D:14)
  2 orc knights (Orc:2)
  4 necromancers
  3 will-o-the-wisps (Swamp:2)
  17 ugly things
  4 deep elf pyromancers
  A wolf spider (D:14)
  2 orc sorcerers
  9 cyclopes
  4 manticores
  4 elephants (Lair:1)
  A black mamba (shapeshifter) (D:12)
  2 ice statues (IceCv)
  3 black mambas
  Joseph (D:7)
  A gargoyle (D:11)
  20 cane toads
  An orange demon (D:11)
  An efreet (D:14)
  A torpor snail (Lair:5)
  2 unseen horrors (D:11)
  6 rime drakes
  3 anaconda simulacra (IceCv)
  2 kobold demonologists (D:10)
  8 komodo dragons
  A freezing wraith (IceCv)
  A yaktaur (D:14)
  4 ice devils (IceCv)
  3 tengu conjurers
  A bloated husk (Swamp:2)
  A troll (shapeshifter) (D:13)
  A hornet (shapeshifter) (D:14)
  A meliai (D:12)
  7 trolls
  2 polar bears
  6 hornets
  3 tyrant leeches
  26 blink frogs
  A centaur simulacrum (D:14)
  6 dream sheep
  A jumping spider (shapeshifter) (D:14)
  18 slime creatures
  Sigmund (D:3)
  3 wraiths
  A culicivora (shapeshifter) (D:12)
  2 dire elephant simulacra (IceCv)
  3 spriggans
  2 water elementals (D:14)
  8 basilisks
  4 wyverns
  5 steam dragons
  46 yaks
  A fire elemental (Lair:4)
  A death yak simulacrum (IceCv)
  12 vampire mosquitoes
  Menkaure (D:4)
  3 swamp worms
  5 wargs
  2 harpy simulacra (IceCv)
  3 acid dragons
  3 hydra simulacra (IceCv)
  4 nagas (Lair:2)
  15 water moccasins
  Duvessa (D:4)
  4 black bears
  25 orc warriors
  3 swamp drakes (Swamp:1)
  4 sky beasts (D:7)
  An ice beast (D:7)
  32 ogres
  21 wolves
  20 centaurs
  A phantom (D:7)
  29 bullfrogs
  4 kobold brigands
  2 gnoll sergeants
  4 scorpions
  6 wights
  Dowan (D:4)
  16 killer bees
  3 electric eels
  2 howler monkeys
  15 orc priests
  3 hounds
  A jelly (Lair:5)
  Crazy Yiuf (D:3)
  Ijyb (D:3)
  A sleepcap (D:4)
  6 iguanas
  19 orc wizards
  13 hell rats
  A troll simulacrum (IceCv)
  A spriggan simulacrum (IceCv)
  A polar bear simulacrum (IceCv)
  Robin (D:3)
  15 gnolls
  8 adders
  A shadow imp (D:7)
  A white imp (D:3)
  3 worms
  3 dart slugs
  69 orcs
  5 endoplasms
  A giant cockroach (D:3)
  19 goblins
  5 hobgoblins
  4 jackals (D:3)
  8 kobolds
  A quokka (D:5)
  8 ball pythons
  5 bats
  3 frilled lizards (D:3)
  6 rats
810 creatures vanquished.

Vanquished Creatures (collateral kills)
  The ghost of pdpol the Cleaver, a journeyman MiFi of Okawaru (D:12)
  2 hydras
  2 orc knights (Bailey)
  An ugly thing (D:12)
  A basilisk (Lair:4)
  An orc warrior (Bailey)
  An orc (Bailey)
9 creatures vanquished.

Vanquished Creatures (others)
  Erica (D:11)
  16 foxfires (Swamp:2)
17 creatures vanquished.

Grand Total: 836 creatures vanquished

Notes
Turn   | Place    | Note
-------+----------+-------------------------------------------
     0 | D:1      | jejorda2 the Merfolk Berserker began the quest for the Orb.
     0 | D:1      | Reached XP level 1. HP: 18/18 MP: 1/1
    58 | D:1      | Noticed a great orb of eyes
    60 | D:1      | Found a faded altar of an unknown god.
    62 | D:1      | Noticed a shining eye
    62 | D:1      | Noticed a great orb of eyes
    62 | D:1      | Noticed a great orb of eyes
   445 | D:1      | Reached XP level 2. HP: 24/24 MP: 2/2
   580 | D:2      | Found an iron altar of Okawaru.
   952 | D:2      | Reached skill level 5 in Polearms
  1019 | D:2      | Reached XP level 3. HP: 30/30 MP: 3/3
  1211 | D:2      | Identified the +0 pair of boots of Zeunoper {Rampage}
  1646 | D:3      | Reached ** piety under Trog
  1777 | D:3      | Identified the +8 sling "Xien" {heavy, rC++ rN+}
  1834 | D:3      | Reached XP level 4. HP: 37/37 MP: 4/4
  2024 | D:3      | Noticed Sigmund
  2039 | D:3      | Killed Sigmund
  2040 | D:3      | Reached skill level 7 in Polearms
  2040 | D:3      | Reached XP level 5. HP: 43/43 MP: 5/5
  2082 | D:3      | Reached XP level 6. HP: 50/50 MP: 6/6
  2139 | D:3      | Identified the +0 chain mail of the Moon {Int+3}
  2216 | D:3      | Found a runed translucent door.
  2217 | D:3      | Noticed Crazy Yiuf
  2224 | D:3      | Paralysed by Crazy Yiuf for 5 turns
  2233 | D:3      | Killed Crazy Yiuf
  2346 | D:3      | Found an opulent altar of Gozag.
  2349 | D:3      | Noticed Ijyb
  2360 | D:3      | Killed Ijyb
  2361 | D:3      | Reached skill level 5 in Fighting
  2433 | D:3      | Noticed Robin
  2482 | D:3      | Reached skill level 8 in Polearms
  2500 | D:3      | Killed Robin
  2929 | D:4      | Identified the +0 rapier of Chagrin {venom, rElec rF+}
  3084 | D:4      | Noticed Duvessa
  3095 | D:4      | Noticed Dowan
  3097 | D:4      | Killed Duvessa
  3098 | D:4      | Reached XP level 7. HP: 56/56 MP: 7/7
  3122 | D:4      | Killed Dowan
  3123 | D:4      | Reached skill level 9 in Polearms
  3258 | D:4      | Noticed Menkaure
  3537 | D:4      | Killed Menkaure
  3709 | D:5      | Entered Level 5 of the Dungeon
  3866 | D:5      | Reached skill level 10 in Polearms
  3866 | D:5      | Reached XP level 8. HP: 54/64 MP: 8/8
  4339 | D:5      | Reached *** piety under Trog
  4340 | D:5      | Reached skill level 11 in Polearms
  4410 | D:5      | Found a large runed translucent door.
  4410 | D:5      | Found a large runed translucent door.
  4411 | D:5      | Found a shimmering altar of Xom.
  4796 | D:6      | Reached skill level 12 in Polearms
  4910 | D:6      | Reached XP level 9. HP: 60/69 MP: 9/9
  5193 | D:6      | Reached skill level 13 in Polearms
  5201 | D:6      | Found a sacrificial altar of Ru.
  5209 | D:6      | Reached **** piety under Trog
  5688 | D:7      | Reached skill level 14 in Polearms
  5688 | D:7      | Reached skill level 5 in Armour
  5751 | D:7      | Reached XP level 10. HP: 76/76 MP: 10/10
  5850 | D:7      | Reached skill level 15 in Polearms
  5850 | D:7      | Reached skill level 1 in Throwing
  5909 | D:7      | Noticed a deep elf pyromancer
  5923 | D:7      | Killed a deep elf pyromancer
  6014 | D:7      | Noticed Joseph
  6022 | D:7      | Killed Joseph
  6125 | D:7      | Found a staircase to the Ecumenical Temple.
  6505 | D:8      | Noticed sizableburger's ghost (novice OgBe)
  6508 | D:8      | Found a transporter.
  6512 | D:8      | Found a transporter.
  6513 | D:8      | Found a bloodstained altar of Trog.
  6513 | D:8      | Noticed a moth of wrath
  7054 | D:8      | Found a bloodstained altar of Trog.
  7366 | D:8      | Found a blossoming altar of Fedhas.
  7374 | D:8      | Found a sparkling altar of Nemelex Xobeh.
  7378 | D:8      | Found a hide-covered altar of Uskayaw.
  7915 | D:9      | Reached XP level 11. HP: 84/86 MP: 11/11
  7924 | D:9      | Reached skill level 16 in Polearms
  8211 | D:9      | Reached skill level 5 in Throwing
  8264 | D:9      | Reached ***** piety under Trog
  8305 | D:9      | Identified the +0 robe of Roogg {Int+3}
  9042 | D:10     | Entered Level 10 of the Dungeon
  9085 | D:10     | Found a staircase to the Lair.
  9106 | D:10     | Found a flagged portal.
  9343 | D:11     | Paralysed by a hornet for 2 turns
  9563 | D:10     | Noticed Urug
  9585 | D:10     | Killed Urug
  9607 | Bailey   | Entered a bailey
  9757 | Bailey   | Reached skill level 17 in Polearms
  9907 | Bailey   | Noticed an orc knight
  9907 | Bailey   | Noticed an orc knight
  9910 | Bailey   | Killed an orc knight
  9916 | Bailey   | Killed an orc knight
 10461 | D:10     | Found a radiant altar of Vehumet.
 10549 | D:10     | Identified the ring "Kituson" {rElec rC+ rN+ Slay-3 SInv}
 11048 | D:11     | Noticed Nergalle
 11061 | D:11     | Killed Nergalle
 11062 | D:11     | Reached XP level 12. HP: 97/97 MP: 12/12
 11171 | D:11     | Noticed a two-headed ogre
 11173 | D:11     | Killed a two-headed ogre
 11234 | D:11     | Reached skill level 18 in Polearms
 11546 | D:11     | Noticed a two-headed ogre
 11556 | D:11     | Killed a two-headed ogre
 11768 | D:11     | Noticed Erica
 11782 | D:11     | Killed Erica
 11962 | D:11     | Noticed Amaemon
 11982 | D:11     | Killed Amaemon
 12062 | D:11     | You fall into a shaft and drop 1 floor!
 12125 | D:12     | Reached skill level 19 in Polearms
 12665 | D:12     | Noticed a centaur warrior
 12681 | D:12     | Killed a centaur warrior
 12682 | D:12     | Reached skill level 20 in Polearms
 12682 | D:12     | Reached XP level 13. HP: 47/103 MP: 13/13
 12941 | D:12     | Noticed Frances
 12950 | D:12     | Killed Frances
 12951 | D:12     | Reached skill level 10 in Fighting
 13205 | D:12     | Found a runed translucent gate.
 13261 | D:12     | Found a runed translucent gate.
 13261 | D:12     | Found a runed translucent gate.
 13262 | D:12     | Noticed pdpol's ghost (journeyman MiFi)
 13577 | D:12     | Reached skill level 10 in Throwing
 13582 | D:12     | Killed pdpol's ghost
 13589 | D:12     | Identified the +7 lajatang of War {flame, rF- Dex+9}
 15097 | D:13     | Found a gate to the Vaults.
 15619 | D:11     | Found a staircase to the Orcish Mines.
 15961 | Lair:1   | Entered Level 1 of the Lair of Beasts
 16008 | Lair:1   | Reached XP level 14. HP: 116/116 MP: 14/14
 17318 | Lair:2   | Found a staircase to the Snake Pit.
 17327 | Lair:2   | Found a blossoming altar of Fedhas.
 17885 | Lair:2   | Identified the +8 war axe "Axes" {venom, rElec Dex+3}
 19379 | Lair:3   | Identified the scarf of Fedhas's Supremacy {repulsion,
                  | +Blink rPois rF+ Int+2}
 19942 | Lair:3   | Found a staircase to the Swamp.
 21026 | Lair:4   | Reached skill level 15 in Fighting
 21795 | Lair:5   | Entered Level 5 of the Lair of Beasts
 21800 | Lair:5   | Reached XP level 15. HP: 129/129 MP: 15/15
 22098 | Lair:5   | Found a staircase to the Slime Pits.
 22305 | Lair:5   | Reached skill level 1 in Evocations
 22713 | Lair:5   | Reached skill level 15 in Throwing
 23351 | Lair:5   | Reached ****** piety under Trog
 24151 | Orc:1    | Entered Level 1 of the Orcish Mines
 24153 | Orc:1    | Found a frozen archway.
 24177 | IceCv    | Entered an ice cave
 24211 | IceCv    | Received a gift from Trog
 25459 | Orc:2    | Entered Level 2 of the Orcish Mines
 25459 | Orc:2    | Found a staircase to the Elven Halls.
 25674 | Orc:1    | Reached skill level 5 in Evocations
 26052 | Orc:2    | Received a gift from Trog
 26887 | Orc:2    | Noticed Sonja
 27464 | Orc:1    | Reached XP level 16. HP: 107/138 MP: 16/16
 27637 | Orc:2    | Received a gift from Trog
 27650 | Orc:2    | Killed Sonja
 27953 | Orc:2    | Found Wamnor's Jewellery Boutique.
 27955 | Orc:2    | Found Cebel's Magic Scroll Shoppe.
 27959 | Orc:2    | Found Getsy's General Store.
 27959 | Orc:2    | Found Qofuddou's Book Emporium.
 28207 | Orc:2    | Bought the amulet "Mifymmiem" {rPois Regen+ Slay+4} for 812
                  | gold pieces
 28701 | D:14     | Reached skill level 1 in Shields
 29121 | D:14     | Identified the ring of Dogma {Fly rN+}
 29242 | D:14     | Identified the +3 chain mail "Vecad" {Rampage *Slow Str+5
                  | Dex+3}
 29281 | D:14     | Reached skill level 5 in Shields
 29569 | D:14     | Noticed a tengu reaver
 29578 | D:14     | Killed a tengu reaver
 30009 | D:15     | Entered Level 15 of the Dungeon
 30114 | D:15     | Found a staircase to the Depths.
 30640 | D:15     | Reached skill level 21 in Polearms
 30857 | D:15     | Identified the +7 whip of Theory {flame, Will+ SInv}
 31210 | Orc:2    | Bought a ring of flight for 245 gold pieces
 31414 | Swamp:1  | Entered Level 1 of the Swamp
 31705 | Swamp:1  | Received a gift from Trog
 31815 | Swamp:1  | Reached XP level 17. HP: 137/145 MP: 17/17
 32353 | Swamp:2  | Slain by a spriggan rider

Illustrated notes

Levels and vault maps discovered:
D:1:      lightli_arrival_maybe_door_vault, layout_rooms,
          hellmonk_ecumenical_altar_watching_god,
          amcnicky_mini_rare_corridor_liquid, minmay_misc_feat_tower
D:2:      layout_basic, basic_altar, minmay_misc_feat_doors
D:3:      kb_forest_paths, layout_loops_ring, nicolae_gozag_seed_capital,
          wad_floor_pattern_1, uniq_sigmund, uniq_ijyb, uniq_crazy_yiuf_cottage,
          uniq_robin
D:4:      layout_basic, minmay_misc_feat_nine_boxes, serial_bayou_lake_a,
          uniq_duvessa, uniq_menkaure
D:5:      due_chaos_kobolds, layout_rooms
D:6:      layout_basic, amcnicky_altar_gilded
D:7:      kennysheep_windowed_halls, layout_rooms, minmay_temple_entry_trees,
          kennysheep_generic_room_10, uniq_joseph
D:8:      layout_basic, trog_butcher_becter, minmay_overflow_temple_star_quad,
          gammafunk_ghost_wrathful_warriors
D:9:      layout_stronghold, minmay_increasing_density
D:10:     layout_basic, nicolae_overflow_crystal_walls, enter_bailey_5,
          uniq_urug
D:11:     layout_loops_ring, orc_0_dummy, eino_curves_04, minmay_quadrilaterals,
          uniq_erica, uniq_nergalle, uniq_amaemon
D:12:     minmay_dotted_concentric_squares, layout_stronghold,
          gammafunk_ghost_hydra_chop, uniq_frances
D:13:     layout_grid_maze, david_vaults_1, nicolae_titane
D:14:     minmay_box_of_curves, layout_basic, hangedman_abyss_or_decor_stagger,
          serial_bayou_ford_a
D:15:     hangedman_depths_entry_civil_slaughter, layout_stronghold
Lair:1:   layout_hall_layers, minivault_25, grunt_megastairs_4
Lair:2:   layout_regular_city, minmay_snake_entry_guardpost_small, basic_altar,
          grunt_forest_small_clearing_treed
Lair:3:   layout_small_grid, palyth_hydra_swamp_entry
Lair:4:   layout_gridlike, forest_entry_grove
Lair:5:   minmay_lair_end_frog_pond, layout_cave_pods,
          minmay_slime_entry_pillars, columned_hall_lemuel,
          chequers_serial_rivers_large_b
Swamp:1:  nicolae_swamp_ascending_descending, layout_basic_swamp,
          nicolae_swamp_some_circles, swamp_pool5, infiniplex_staircase_pool_2
Swamp:2:  layout_basic_swamp, nicolae_swamp_trees_clearing, swamp_pool2,
          nicolae_swamp_soggy_hallways
Orc:1:    layout_diamond_mine, portal_ice_cave_rime, abandoned_shop,
          mines5_lemuel
Orc:2:    st_orc_ogre_mass, layout_diamond_mine, uniq_sonja

Skill      XL: |  1  2  3  4  5  6  7  8  9 10 11 12 13 14 15 16 17 |
---------------+----------------------------------------------------+-----
Polearms       | 5 7 8 10 12 14 15 17 20 21 | 21.7
Fighting       | 4 5 6 7 9 12 15 16 | 16.8
Armour         | 2 4 5 6 7 |  7.2
Throwing       | 4 7 9 12 14 15 16 | 16.0
Evocations     | 6 7 |  7.0
Shields        | 8 |  8.1
Dodging        | |  2.6

Action                     |  1- 3 |  4- 6 |  7- 9 | 10-12 | 13-15 | 16-18 || total
---------------------------+-------+-------+-------+-------+-------+-------++-------
  Melee: Spear             |   137 |    28 |       |       |       |       ||   165
         Punch             |     2 |       |       |       |       |       ||     2
         Halberd           |       |   101 |   253 |   651 |  1122 |       ||  2127
         Tailslap          |       |       |       |     3 |    10 |     1 ||    14
         Glaive            |       |       |       |     8 |   221 |    72 ||   301
         Demon trident     |       |       |       |       |       |   305 ||   305
  Throw: Stone             |       |       |     5 |    12 |       |       ||    17
         Javelin           |       |       |       |     3 |       |       ||     3
         Dart              |       |       |       |     2 |    54 |    31 ||    87
         Boomerang         |       |       |       |       |    54 |    14 ||    68
 Invoke: Berserk           |       |     5 |     1 |    10 |    22 |     7 ||    45
         Trog's Hand       |       |     3 |     1 |     4 |     4 |     2 ||    14
         Brothers in Arms  |       |       |       |     3 |     2 |       ||     5
  Evoke: Wand              |       |       |       |       |    27 |       ||    27
    Use: Potion            |       |     1 |       |     1 |     1 |       ||     3
         Scroll            |       |       |    15 |     5 |    11 |     8 ||    39
   Stab: Distracted        |     1 |       |       |       |     1 |     1 ||     3
 Armour: Animal skin       |     1 |       |       |       |       |       ||     1
         Leather armour    |    14 |       |       |       |       |       ||    14
         Ring mail         |     3 |    13 |       |       |       |       ||    16
         Chain mail        |       |   106 |    57 |       |       |       ||   163
         Plate armour      |       |       |    35 |   336 |   579 |   107 ||  1057
  Dodge: Dodged            |    53 |    84 |    76 |   153 |   338 |    75 ||   779
         Repelled          |       |       |       |       |     4 |     3 ||     7
  Block: Other             |       |       |    28 |   101 |   136 |       ||   265
         Reflection        |       |       |       |     8 |       |       ||     8
         Kite shield       |       |       |       |       |       |   146 ||   146
